 Dungeon Crawl Stone Soup version 0.31-a0-640-g39d97e502b (webtiles) character file.

Game seed: 6283226945215224558

5876 Jackthecabe the Conjurer (level 10, -12/76 HPs)
             Began as a Mummy Fire Elementalist on Aug 29, 2023.
             Was an Initiate of Ashenzari.
             Mangled by a two-headed ogre
             ... wielding a +0 giant club
              (19 damage)
             ... on level 8 of the Dungeon.
             The game lasted 00:25:53 (14048 turns).

Jackthecabe the Conjurer (Mummy Fire Elementalist) Turns: 14048, Time: 00:25:57

Health: -12/76     AC:  6    Str: 11    XL:     10   Next: 52%
Magic:  7/14       EV: 13    Int: 19    God:    Ashenzari [......]
Gold:   247        SH:  0    Dex: 13    Spells: 8/15 levels left

rFire   . . .        q - +0 demon whip (venom)
rCold   . . .        (no shield)
rNeg    + + +        a - +0 robe
rPois   ∞            (no helmet)
rElec   .            (no cloak)
rCorr   .            (no gloves)
SInv    .            (no boots)
Will    +....        (no amulet)
Stlth   ++           T - ring of Desmomancy {AC+4, Cun, Bglg} (curse)
HPRegen 0.32/turn    F - ring of fire
MPRegen 0.14/turn

%: faith
@: studying Maces & Flails
A: cold resistance 1, negative energy resistance 3, torment resistance 2, heat
vulnerability 1, in touch with death 1, no potions, faith
a: Renounce Religion, Curse Item, Shatter the Chains


You were on level 8 of the Dungeon.
You worshipped Ashenzari.
Ashenzari was noncommittal.
You visited 1 branch of the dungeon, and saw 8 of its levels.
You also visited: Ossuary.

You collected 585 gold pieces.
You spent 338 gold pieces at shops.


Innate Abilities, Weirdness & Mutations

You are immune to poison.
Your flesh is cold resistant. (rC+)
You are immune to negative energy. (rN+++)
You are immune to unholy pain and torment.
You are vulnerable to heat. (rF-)
You are in touch with the powers of death.
You do not drink.
You have a special connection with the divine. (Faith)


   Skills:
 - Level 6.0 Fighting
 - Level 4.5(4.9) Dodging
 - Level 3.0(3.3) Stealth
 - Level 3.0 Spellcasting
 * Level 7.3(7.7) Conjurations
 - Level 6.0 Fire Magic
 + Level 4.4 Ice Magic
 + Level 4.4 Air Magic


You had 8 spell levels left.
You knew the following spells:

 Your Spells              Type           Power      Damage    Failure   Level
f - Foxfire               Conj/Fire      100%       2x1d9     1%          1
X - Scorch                Fire           76%        2d8       1%          2
Y - Flame Wave            Conj/Fire      43%        2d11      9%          4

Your spell library contained the following spells:

 Spells                   Type           Power      Damage    Failure   Level
 Mephitic Cloud           Conj/Pois/Air  18%        N/A       9%          3
 Poisonous Vapours        Pois/Air       22%        N/A       10%         2
 Inner Flame              Hex/Fire       21%        N/A       13%         3
 Volatile Blastmotes      Fire/Tloc      42%        2d13      13%         3
 Apportation              Tloc           6%         N/A       16%         1
 Slow                     Hex            8%         N/A       16%         1
 Call Canine Familiar     Summ           2%         N/A       41%         3
 Confusing Touch          Hex            2%         N/A       41%         3
 Portal Projectile        Hex/Tloc       4%         N/A       41%         3
 Vampiric Draining        Necr           4%         2d6       41%         3
 Freezing Cloud           Conj/Ice/Air   11%        6-21      41%         5
 Leda's Liquefaction      Hex/Erth       1%         N/A       83%         4
 Alistair's Intoxication  Tmut/Pois      1%         N/A       99%         5
 Summon Forest            Summ/Tloc      1%         N/A       99%         5
 Eringya's Noxious Bog    Tmut/Pois      1%         4d6       100%        6
 Summon Hydra             Summ           1%         N/A       100%        7

Inventory:

Hand Weapons
 p - a +1 short sword of venom
 q - a +0 demon whip of venom (weapon)
Missiles
 f - a throwing net {=f}
 m - 36 poisoned darts
Armour
 a - a +0 robe (worn)
 b - a +0 pair of gloves
 j - a +0 pair of boots
 n - a +0 buckler
Jewellery
 F - a ring of fire (right hand)
 M - a ring of magical power
 T - the cursed ring of Desmomancy (left hand) {AC+4, Cun, Bglg}
   (You found it on level 3 of the Dungeon)

   [ring of protection]

   AC+4:      It affects your AC (+4).
   It has a curse which improves the following skills: Cunning: Dodging and
   Stealth.
   Beguiling: Conjurations, Hexes and Translocations.
Wands
 d - a wand of mindburst (13)
 g - a wand of flame (46)
 k - a wand of acid (6)
Scrolls
 c - 7 scrolls of identify {unknown}
 e - 2 scrolls of noise {unknown}
 h - a scroll of silence {unknown}
 i - 2 scrolls of teleportation {@r2}
 l - a scroll of enchant armour {unknown}
 o - 2 scrolls of fear {unknown}

Dungeon Overview and Level Annotations

Branches:
Dungeon (8/15)             Temple (0/1) D:6         Ossuary (visited)
   Lair: D:8-11

Altars:
Ashenzari
Cheibriados
Dithmenos
Fedhas
Hepliaklqana
Okawaru
Vehumet
Wu Jian
Yredelemnul

Shops:
D:3 :

Annotations:
D:2 Terence
D:3 1 runed translucent door, Crazy Yiuf
D:4 exclusions: Eustachio and black bear, Ijyb
D:5 Edmund

#### ### ##..#### ###
### #.## #
####......###.####.#
##.######
..................##
#.......
..#..####.........####
##.####.. ..#..#
##......@...)####.##
##. ..#..#
##....O####......# #.
.....▒ #.....#
####..## #. .....▒
#....## ##.## #.
.....▒ ##...# #..####
## .....▒ #..##
#.†..Y#### .....▒ ...
#YY..YY†.. .#...▒ ....
##.######.. #####▒
#.Y# ###


You could see a two-headed ogre (extremely poisoned).


Message History

The foxfire hits the two-headed ogre but does no damage.
The two-headed ogre is moderately wounded.
The two-headed ogre hits you with a +0 giant club!
The two-headed ogre hits you but does no damage.
You hit the two-headed ogre.
The two-headed ogre is poisoned.
The two-headed ogre is heavily wounded.
You hit the two-headed ogre.
The two-headed ogre is heavily wounded.
The two-headed ogre hits you with a +0 giant club!
The two-headed ogre barely misses you.
You barely miss the two-headed ogre.
The two-headed ogre is heavily wounded.
The two-headed ogre is no longer more vulnerable to fire.
The two-headed ogre closely misses you. The two-headed ogre barely misses you.
You hit the two-headed ogre but do no damage.
The two-headed ogre looks as sick as possible!
The two-headed ogre is heavily wounded.
The two-headed ogre hits you with a +0 giant club!
The two-headed ogre hits you with a +2 dire flail of protection!!
* * * LOW HITPOINT WARNING * * *
You hit the two-headed ogre.
The two-headed ogre looks as sick as possible!
The two-headed ogre is heavily wounded.
You hit the two-headed ogre but do no damage.
The two-headed ogre looks as sick as possible!
The two-headed ogre is heavily wounded.
The two-headed ogre hits you with a +0 giant club!!
* * * LOW HITPOINT WARNING * * *
The two-headed ogre hits you with a +2 dire flail of protection!!
You die...

Skill      XL: |  1  2  3  4  5  6  7  8  9 10 |
---------------+-------------------------------+-----
Conjurations   | 1 2 3 6 7 |  7.3
Fire Magic     | 3 4 5 6 |  6.0
Fighting       | 5 6 |  6.0
Spellcasting   | 3 |  3.0
Stealth        | 2 3 |  3.0
Dodging        | 4 |  4.5
Ice Magic      | 3 4 |  4.4
Air Magic      | 3 4 |  4.4

Action                     |  1- 3 |  4- 6 |  7- 9 | 10-12 || total
---------------------------+-------+-------+-------+-------++-------
  Melee: Dagger            |    12 |     2 |       |       ||    14
         Short sword       |       |       |    41 |    15 ||    56
         Punch             |       |       |     1 |       ||     1
         Demon whip        |       |       |       |    10 ||    10
  Throw: Dart              |       |       |       |     2 ||     2
   Cast: Foxfire           |    80 |   108 |   224 |    44 ||   456
         Scorch            |     6 |    30 |    86 |    22 ||   144
         Flame Wave        |       |       |     2 |     3 ||     5
 Invoke: Curse Item        |       |       |     1 |       ||     1
  Evoke: Wand              |       |       |     4 |     5 ||     9
    Use: Scroll            |       |     3 |     1 |       ||     4
 Armour: Robe              |     3 |    18 |    20 |    18 ||    59
  Dodge: Dodged            |     8 |    36 |    85 |    43 ||   172

Levels and vault maps discovered:
D:1:      evilmike_arrival_plus, layout_basic, serial_forest,
          infiniplex_forest_clump_cross, infiniplex_forest_lined_1,
          infiniplex_forest_straight_2, infiniplex_forest_clump_long,
          infiniplex_forest_straight_2, infiniplex_forest_end_2,
          infiniplex_forest_lined_ring
D:2:      layout_loops_cross, basic_altar, grunt_decor_junction,
          grunt_ministairs_5, kennysheep_generic_room_10
D:3:      layout_basic, lemuel_tele_altar, mainiacjoe_overflow_six_doors_small,
          serial_shops, shop, uniq_terence, uniq_crazy_yiuf_cottage
D:4:      layout_basic, elyvilon_altar_3, mainiacjoe_overflow_alcove_4,
          uniq_ijyb, uniq_eustachio
D:5:      layout_loops_ring, mainiacjoe_overflow_24_doors,
          nicolae_wu_jian_wuxing_cycle, st_stairs_10, kennysheep_generic_room_4,
          uniq_edmund
D:6:      layout_basic, ashenzari_altar_1, yredelemnul_altar_generic,
          mainiacjoe_overflow_catwalk, minmay_temple_entry_enclosed_plants,
          minmay_holes, st_stairs_8, kennysheep_generic_room_6
D:7:      layout_rooms, gup_ossuary_entry_pyramid, eino_jars
D:8:      layout_layer_cave, mainiacjoe_overflow_alcove_1,
          gammafunk_temple_overflow_elements, minmay_manual_moon, uniq_amaemon

Notes
Turn   | Place    | Note
-------+----------+-------------------------------------------
     0 | D:1      | Jackthecabe the Mummy Fire Elementalist began the quest for
                  | the Orb.
     0 | D:1      | Reached XP level 1. HP: 13/13 MP: 4/4
   152 | D:1      | Reached skill level 1 in Conjurations
   238 | D:1      | Reached XP level 2. HP: 19/19 MP: 1/5
   905 | D:1      | Reached skill level 3 in Fire Magic
  1032 | D:1      | Gained mutation: You are in touch with the powers of death.
                  | [Mummy growth]
  1032 | D:1      | Reached XP level 3. HP: 24/24 MP: 2/7
  1035 | D:1      | Learned a level 2 spell: Scorch
  1317 | D:2      | Reached skill level 2 in Conjurations
  1595 | D:2      | Found a snail-covered altar of Cheibriados.
  1856 | D:2      | Reached XP level 4. HP: 30/30 MP: 0/8
  2854 | D:3      | Noticed Terence
  3192 | D:3      | Found an iron altar of Okawaru.
  3264 | D:3      | Found a runed translucent door.
  3265 | D:3      | Noticed Crazy Yiuf
  3315 | D:3      | Found Jat Zeuvu's Book Shoppe.
  3489 | D:3      | Found a shadowy altar of Dithmenos.
  3707 | D:4      | Noticed Eustachio
  3786 | D:4      | Noticed an ogre
  3793 | D:4      | Killed an ogre
  3794 | D:4      | Reached skill level 3 in Conjurations
  3794 | D:4      | Reached skill level 4 in Fire Magic
  3794 | D:4      | Reached XP level 5. HP: 35/35 MP: 0/9
  4085 | D:4      | Found a radiant altar of Vehumet.
  4578 | D:4      | Noticed a phantom
  4587 | D:4      | Killed a phantom
  4588 | D:4      | Reached XP level 6. HP: 35/41 MP: 0/10
  4730 | D:4      | Noticed Ijyb
  5066 | D:4      | Killed Eustachio
  5067 | D:4      | Reached skill level 5 in Fire Magic
  5302 | D:5      | Entered Level 5 of the Dungeon
  5302 | D:5      | Found an ornate altar of the Wu Jian Council.
  5453 | D:5      | Reached XP level 7. HP: 46/46 MP: 6/11
  5650 | D:5      | Reached skill level 6 in Fire Magic
  5689 | D:5      | Reached skill level 1 in Fighting
  5785 | D:5      | Reached skill level 2 in Fighting
  5889 | D:5      | Found a hazy altar of Hepliaklqana.
  6091 | D:5      | Noticed Edmund
  6220 | D:5      | Reached skill level 3 in Fighting
  6340 | D:5      | Reached skill level 4 in Fighting
  6356 | D:5      | Reached skill level 3 in Spellcasting
  6528 | D:5      | You fall into a shaft and drop 2 floors!
  6553 | D:7      | Reached skill level 5 in Fighting
  6553 | D:7      | Reached skill level 2 in Stealth
  6553 | D:7      | Reached XP level 8. HP: 62/62 MP: 4/12
  6583 | D:7      | Found a sand-covered staircase.
  6630 | Ossuary  | Entered an ossuary
  7092 | D:7      | Reached skill level 3 in Stealth
  7190 | D:7      | Reached skill level 6 in Fighting
  7338 | D:6      | Reached skill level 2 in Dodging
  7540 | D:6      | Reached skill level 3 in Dodging
  8057 | D:5      | Reached skill level 4 in Dodging
  8390 | D:6      | Found a broken altar of Ashenzari.
  8399 | D:6      | Became a worshipper of Ashenzari the Shackled
  8502 | D:3      | Bought a book of Vapours for 338 gold pieces
  8507 | D:3      | Learned a level 4 spell: Flame Wave
  8896 | D:6      | Reached XP level 9. HP: 69/69 MP: 6/13
  8971 | D:6      | Found a blossoming altar of Fedhas.
  9026 | D:6      | Reached skill level 1 in Ice Magic
  9026 | D:6      | Reached skill level 1 in Air Magic
  9176 | D:6      | Found a staircase to the Ecumenical Temple.
  9345 | D:6      | Reached skill level 4 in Conjurations
  9533 | D:6      | Found a basalt altar of Yredelemnul.
  9739 | D:7      | Reached skill level 2 in Ice Magic
  9739 | D:7      | Reached skill level 2 in Air Magic
 10401 | D:7      | Reached skill level 5 in Conjurations
 10791 | D:7      | Reached skill level 3 in Ice Magic
 10791 | D:7      | Reached skill level 3 in Air Magic
 10856 | D:8      | Noticed a two-headed ogre
 11227 | D:8      | Noticed a two-headed ogre
 11252 | D:8      | Noticed an orange demon
 11253 | D:8      | Noticed Amaemon
 11285 | D:7      | Killed an orange demon
 11286 | D:7      | Reached skill level 6 in Conjurations
 11354 | D:7      | Reached XP level 10. HP: 76/76 MP: 7/14
 12437 | D:8      | HP: 4/76 [Amaemon/+0 demon whip of venom (16)]
 12438 | D:8      | Killed Amaemon
 12439 | D:8      | Reached skill level 4 in Ice Magic
 12439 | D:8      | Reached skill level 4 in Air Magic
 13214 | D:8      | Reached skill level 7 in Conjurations
 13789 | D:8      | Found a snail-covered altar of Cheibriados.
 14048 | D:8      | HP: 7/76 [two-headed ogre/+0 giant club (22)]
 14048 | D:8      | Mangled by a two-headed ogre

Vanquished Creatures
  Amaemon (D:8)
  An orange demon (D:7)
  7 yaks
  A steam dragon (D:8)
  Eustachio (D:4)
  2 water moccasins
  2 black bears
  2 ice beasts
  2 orc warriors (D:7)
  3 sky beasts
  4 ogres
  2 centaurs
  A phantom (D:4)
  5 kobold brigands
  4 bullfrogs
  4 scorpions
  6 killer bees (D:7)
  2 howler monkeys (D:7)
  3 hounds
  8 orc priests
  3 jellies
  2 sleepcaps
  2 iguanas
  6 orc wizards
  3 mummies
  9 adders
  3 white imps
  An ufetubus (D:5)
  2 worms
  3 dart slugs
  21 orcs
  7 endoplasms
  A giant cockroach (D:1)
  8 goblins
  7 hobgoblins
  5 jackals (D:5)
  5 quokkas
  7 ball pythons
  6 bats
  4 frilled lizards
  3 gnoll zombies (Ossuary)
  2 goblin zombies (Ossuary)
  5 hobgoblin zombies (Ossuary)
  27 kobolds
  4 orc zombies (Ossuary)
  4 rats
211 creatures vanquished.

Vanquished Creatures (collateral kills)
  5 foxfires (D:1)
5 creatures vanquished.

Vanquished Creatures (others)
  778 foxfires
778 creatures vanquished.

Grand Total: 994 creatures vanquished

Table legend: (Time is in decaauts)
 A = Elapsed time spent in this place.
 B = Non-inter-level travel time spent in this place.
 C = Inter-level travel time spent in this place.
 D = Time resting spent in this place.
 E = Time spent auto-exploring this place.
 F = Levels seen in this place.
 G = Mean time per level.
                   A        B        C        D        E       F      G
               +--------+--------+--------+--------+--------+-----+--------+
         Total |  14069 |  13253 |    816 |   3366 |   7906 |   9 | 1563.2 |
       Dungeon |  13615 |  12799 |    816 |   3290 |   7606 |   8 | 1701.9 |
       Ossuary |    453 |    453 |      0 |     76 |    300 |   1 |  453.0 |
               +--------+--------+--------+--------+--------+-----+--------+

Top non-repeatable levels by time:
     D:7: 2935 daAuts
     D:8: 1839 daAuts
     D:5: 1765 daAuts
     D:6: 1581 daAuts
     D:4: 1525 daAuts
     D:2: 1453 daAuts
     D:1: 1259 daAuts
     D:3: 1256 daAuts
 Ossuary: 453 daAuts

Table legend:
 A = Non-vault XP
 B = Vault XP
 C = Vault XP percentage of total XP
 D = Non-vault monster count
 E = Vault monster count
 F = Vault count percentage of total count
                 A         B        C        D         E       F
            +---------+---------+-------+---------+---------+-------
      Total |    5459 |    2936 |  35.0 |     169 |      42 |  19.9
            +---------+---------+-------+---------+---------+-------
        D:1 |      42 |       0 |   0.0 |      23 |       0 |   0.0
        D:2 |      76 |       6 |   7.3 |      23 |       3 |  11.5
        D:3 |      25 |       0 |   0.0 |      12 |       0 |   0.0
        D:4 |     270 |     182 |  40.3 |      14 |       1 |   6.7
        D:5 |     719 |     168 |  18.9 |      31 |       3 |   8.8
        D:6 |     691 |     623 |  47.4 |      16 |       7 |  30.4
        D:7 |    1895 |    1016 |  34.9 |      29 |      10 |  25.6
        D:8 |    1741 |     889 |  33.8 |      21 |       2 |   8.7
    Ossuary |       0 |      52 | 100.0 |       0 |      16 | 100.0
            +---------+---------+-------+---------+---------+-------
